AoeStats
← Jazzmushroom

Oasis

508947874Analyzed
4v4 RM · 7d ago on Sep 24, 2026· 38m 3s· 8 players
Game mode
Random Map
Map size
Large (8 player)
Population
200
Speed
Normal
Resources
Standard
Victory
Conquest
Starting age
Dark Age
Ending age
Imperial Age
RankedLock teamsTeams togetherTeam positionsShared explorationLock speedFull tech treeHidden civsTurbo modeCheats
Victory
Defeat
🇺🇸 Ethiopians · United States
1378
+12
🇺🇸 Maya · United States
1325
+14
🇺🇸 Varangians · United States
1316
+15
🇧🇷 Franks · Brazil
1255
+16
🇨🇳 Georgians · China
1324
-16
1284
-14
🇦🇷 Tupi · Argentina
1279
-14
🇫🇷 Mongols · France
1254
-13
Jazzmushroom
9:05 Loom
10:51 Feudal Age
15:41 Castle Age
13:54 Double-Bit Axe
17:25 Scale Barding Armor
19:07 Bloodlines
20:54 Forging
23:30 Chain Barding Armor
23:24 Gold Mining
26:00 Wheelbarrow
28:04 Bow Saw
30:29 Husbandry
32:34 Iron Casting
32:25 Hand Cart
Hamstring Cramp
3:30 Loom
12:37 Feudal Age
15:08 Wheelbarrow
19:49 Fletching
23:45 Double-Bit Axe
23:42 Horse Collar
25:17 Wheelbarrow
29:41 Castle Age
29:35 Town Watch
30:53 Hand Cart
33:19 Fortified Wall
39:39 Imperial Age
el manuck
0:29 Loom
9:09 Feudal Age
9:43 Double-Bit Axe
13:54 Fletching
17:13 Padded Archer Armor
20:34 Horse Collar
25:18 Castle Age
24:59 Gold Mining
25:21 Crossbowman
25:56 Bodkin Arrow
27:25 Leather Archer Armor
27:46 Bow Saw
28:36 Heavy Plow
31:33 Ballistics
32:28 Wheelbarrow
37:29 Imperial Age
36:05 Town Watch
36:35 Hand Cart
37:34 Arbalester
38:14 Bracer
MattVini
12:40 Feudal Age
13:28 Double-Bit Axe
18:19 Castle Age
17:42 Wheelbarrow
17:16 Gold Mining
19:23 Bow Saw
19:17 Loom
21:19 Gold Shaft Mining
23:04 Stone Mining
25:07 Hand Cart
31:03 Imperial Age
28:43 Scale Barding Armor
29:13 Forging
29:33 Husbandry
29:55 Chain Barding Armor
31:28 Iron Casting
31:18 Cavalier
32:35 Plate Barding Armor
34:09 Blast Furnace
34:12 Conscription
33:58 Paladin
Gericault667
6:17 Loom
8:23 Feudal Age
10:43 Double-Bit Axe
12:00 Scale Barding Armor
12:08 Forging
12:34 Horse Collar
17:09 Wheelbarrow
19:48 Castle Age
18:30 Scale Barding Armor
18:41 Bloodlines
18:53 Gold Mining
20:31 Husbandry
21:27 Chain Barding Armor
21:19 Heavy Plow
25:28 Iron Casting
29:41 Fletching
33:19 Hand Cart
32:53 Town Watch
IMPORTAINER S.A @ DaNkoN_ARG
7:19 Loom
9:47 Feudal Age
10:29 Double-Bit Axe
18:19 Wheelbarrow
17:37 Horse Collar
19:28 Gold Mining
22:29 Castle Age
21:20 Forging
22:38 Bloodlines
22:32 Light Cavalry
23:21 Scale Barding Armor
24:01 Iron Casting
28:27 Gold Shaft Mining
29:00 Chain Barding Armor
32:28 Hand Cart
33:17 Heavy Plow
34:31 Bow Saw
40:34 Imperial Age
INK | Medardo de Terralba
5:40 Loom
5:57 Loom
9:10 Feudal Age
10:12 Double-Bit Axe
16:16 Fletching
23:36 Castle Age
22:26 Padded Archer Armor
22:11 Horse Collar
23:45 Stone Mining
23:58 Town Watch
23:38 Crossbowman
24:16 Bodkin Arrow
28:31 Forging
31:35 Ballistics
36:56 Imperial Age
true my word i
6:50 Loom
9:01 Feudal Age
15:03 Double-Bit Axe
16:26 Fletching
18:07 Padded Archer Armor
Connection lost

Rejoining the realm…

Still unreachable

The connection could not be restored.

Session expired

The server has moved on; the page needs a fresh start.